Avalanche vs Canadiens

Created - 3 février 2019 at 19:13

Goals
1 2 3 T
Avalanche 2 2 0 4
Canadiens 0 2 1 3
Shots
1 2 3 T
Avalanche 8 17 8 33
Canadiens 12 14 8 34

1st period

1. Avalanche , Mats Zuccarello 11 (Andrew MacDonald 14, David Krejci 10) at 1:37
2. Avalanche , David Krejci 7 (Mats Zuccarello 24) at 6:30

Penalties :
Tobias Rieder (COL) for Hooking (Minor) at 2:50, Derek Stepan (COL) for Hooking (Minor) at 13:49, Artturi Lehkonen (MTL) for Tripping (Minor) at 19:36

2nd period

3. Avalanche , Tobias Rieder 5 (Sami Vatanen 17, Mats Zuccarello 25) at 4:03
4. Avalanche , Derek Stepan 10 (Derrick Pouliot 2) at 10:00
5. Canadiens , Zack Smith 5 (Brian Gibbons 7, Justin Abdelkader 6) at 14:52
6. Canadiens , Jakob Silfverberg 11 (John Tavares 16) at 16:02

Penalties :
Alexander Edler (MTL) for Slashing (Minor) at 6:15, Dylan Larkin (COL) for Hooking (Minor) at 10:19

3rd period

7. Canadiens , Jakob Silfverberg 12 (John Tavares 17, Ivan Provorov 28) at 7:21

Penalties :
No Penalty

Goalie Stats

Tristan Jarry (COL), 31 saves from 34 shots - (0.912), W, 5-6-1, 60:00 minutes
Jonathan Bernier (MTL), 11 saves from 14 shots - (0.786), 24:03 minutes
Tuukka Rask (MTL), 18 saves from 19 shots - (0.947), L, 25-12-4, 34:51 minutes

Players Stats for Avalanche

Player Name              G  A  P  +/- PIM S  H  SB GA TA FO     MP     PP MP  PK MP  
------------------------------------------------------------------------------------
Alexander Steen          0  0  0  -2  0   5  0  1  0  0  4/11   21:36   1:45   3:45 
Andrew MacDonald         0  1  1   1  0   0  0  0  0  0  0/0    10:49   0:00   0:22 
Brandon Carlo            0  0  0   1  0   0  0  1  0  0  0/0     2:56   0:00   0:56 
Chris Tanev              0  0  0   2  0   1  0  4  0  0  0/0    23:31   1:50   2:57 
David Krejci             1  1  2   3  0   5  1  1  0  0  14/28  18:43   1:45   2:12 
Derek Stepan             1  0  1   0  2   2  1  1  0  0  11/23  17:19   0:00   1:30 
Derrick Pouliot          0  1  1   1  0   0  1  2  0  0  0/0    11:27   0:00   1:37 
Dylan Larkin             0  0  0  -2  2   1  5  0  0  0  17/31  17:56   2:13   0:10 
Jaccob Slavin            0  0  0  -2  0   0  0  2  0  0  0/0    22:26   2:08   2:50 
Martin Hanzal            0  0  0   0  0   0  0  0  0  0  2/4     3:55   0:00   0:00 
Mats Zuccarello          1  2  3   3  0   7  1  0  0  0  1/1    14:46   0:00   0:00 
Mitch Marner             0  0  0   0  0   2  0  0  0  0  1/1    18:03   2:13   0:00 
Ryan Dzingel             0  0  0   0  0   3  2  0  0  0  0/2    18:06   2:13   0:03 
Sam Bennett              0  0  0   0  0   0  0  0  0  0  0/0     3:23   0:00   0:00 
Sami Vatanen             0  1  1  -1  0   3  3  1  0  0  0/0    27:49   2:08   3:12 
Tobias Rieder            1  0  1   3  2   2  1  0  0  0  0/0    15:17   0:00   0:32 
Tomas Hertl              0  0  0  -2  0   1  2  0  0  0  1/2    24:56   1:45   3:42 
Troy Stecher             0  0  0   0  0   1  0  0  0  0  0/0    21:02   1:50   0:00 

Players Stats for Canadiens

Player Name              G  A  P  +/- PIM S  H  SB GA TA FO     MP     PP MP  PK MP  
------------------------------------------------------------------------------------
Alexander Edler          0  0  0  -1  2   1  1  1  0  0  0/0    22:32   3:06   1:16 
Artturi Lehkonen         0  0  0  -1  2   0  0  0  0  0  0/0     5:26   0:00   0:00 
Auston Matthews          0  0  0  -1  0   4  1  0  0  0  22/34  22:47   3:12   0:00 
Brian Gibbons            0  1  1   0  0   3  0  0  0  0  1/2    12:38   0:00   2:32 
Cam Fowler               0  0  0  -1  0   0  0  1  0  0  0/0    21:16   0:00   2:33 
Ivan Provorov            0  1  1   2  0   0  2  0  0  0  0/0    24:27   3:06   2:27 
Jakob Silfverberg        2  0  2   1  0   5  1  0  0  0  0/1    17:42   2:45   0:00 
John Tavares             0  2  2   1  0   3  0  0  0  0  10/19  18:14   2:45   0:00 
Jordan Eberle            0  0  0  -1  0   3  1  0  0  0  1/3    22:47   3:12   0:00 
Josh Morrissey           0  0  0  -2  0   1  0  0  0  0  0/0    15:55   2:51   0:04 
Justin Abdelkader        0  1  1   0  0   6  1  0  0  0  1/2    10:06   0:00   0:00 
Marcus Johansson         0  0  0   1  0   2  1  0  0  0  1/3    17:42   2:45   0:00 
Matt Calvert             0  0  0  -1  0   0  2  0  0  0  0/1     6:53   0:00   1:26 
Michael Stone            0  0  0  -2  0   0  0  0  0  0  0/0    13:15   0:00   0:15 
Nick Shore               0  0  0  -1  0   1  1  2  0  0  8/18    7:59   0:00   2:32 
Ron Hainsey              0  0  0   2  0   1  1  3  0  0  0/0    22:34   2:51   1:21 
Teuvo Teravainen         0  0  0  -1  0   3  1  0  0  0  1/3    22:15   3:12   0:00 
Zack Smith               1  0  1   0  0   1  0  0  0  0  7/17   11:32   0:00   1:26 

3 Stars

1 - Mats Zuccarello (COL)
2 - David Krejci (COL)
3 - Jakob Silfverberg (MTL)

Power Play

Avalanche - 0 on 2 Attempt(s) - 0.00%
Canadiens - 0 on 3 Attempt(s) - 0.00%

Penalty Kill

Avalanche - 3 on 3 Attempt(s) - 100.00% - Score 0 goal in Penalty Kill
Canadiens - 2 on 2 Attempt(s) - 100.00% - Score 0 goal in Penalty Kill

Team Stat

Avalanche - Hits : 17 - Faceoff Wins : 51 - Blocked Shots : 13 - Penalty Minutes : 6
Canadiens - Hits : 13 - Faceoff Wins : 52 - Blocked Shots : 7 - Penalty Minutes : 4

Official

Referees : Ghislain Hebert and Tim Peel
Linesman : Tony Sericolo and Derek Amell

Game Notes

Brandon Carlo is injured at 9:48 of 1st period (Sore Right Knee)
Tuukka Rask enters game at 4:03 of 2nd period

Finance

Level 1 -- Attendance: 5690 (87.54%) -- Ticket Income 625 900 $
Level 2 -- Attendance: 4571 (91.42%) -- Ticket Income 342 825 $
Level 3 -- Attendance: 3156 (90.17%) -- Ticket Income 173 580 $
Level 4 -- Attendance: 2558 (48.38%) -- Ticket Income 76 740 $
Luxury Box -- Attendance: 1000 (100.00%) -- Ticket Income 199 000 $
Game was played at the Bell Centre.
Total Attendance: 16975 (79.74%)
Total Ticket Income: 1 418 045 $
Other Income: 694 842 $
Total Income: 2 112 887 $

% Time on Ice - Avalanche

Lines # - Real PCT - Wanted PCT - Time Play
Normal Forward
1 - 31% - 40% - 15:34
2 - 32% - 30% - 15:50
3 - 30% - 20% - 14:46
4 - 7% - 10% - 3:23
Normal Defense
1 - 34% - 40% - 16:56
2 - 41% - 30% - 20:06
3 - 18% - 20% - 8:47
4 - 8% - 10% - 3:44
PP Forward
1 - 44% - 60% - 1:45
2 - 56% - 40% - 2:13
PP Defense
1 - 54% - 60% - 2:08
2 - 46% - 40% - 1:50
PK Forward
1 - 63% - 60% - 3:45
2 - 37% - 40% - 2:12
PK Defense
1 - 48% - 60% - 2:50
2 - 52% - 40% - 3:07
PK3 Forward
1 - 0% - 60%
2 - 0% - 40%
PK3 Defense
1 - 0% - 60%
2 - 0% - 40%
44 Forward
1 - 0% - 60%
2 - 0% - 40%
44 Defense
1 - 0% - 60%
2 - 0% - 40%
Last Minute Offensive  - 0:00
Last Minute Defensive  - 0:32
Total
Forward - 60:00
Defense - 60:00

% Time on Ice - Canadiens

Lines # - Real PCT - Wanted PCT - Time Play
Normal Forward
1 - 38% - 40% - 19:03
2 - 30% - 30% - 14:57
3 - 20% - 20% - 10:06
4 - 11% - 10% - 5:27
Normal Defense
1 - 37% - 35% - 18:11
2 - 37% - 35% - 18:22
3 - 26% - 25% - 13:00
4 - 0% - 5% - 0:00
PP Forward
1 - 54% - 65% - 3:12
2 - 46% - 35% - 2:45
PP Defense
1 - 52% - 50% - 3:06
2 - 48% - 50% - 2:51
PK Forward
1 - 64% - 55% - 2:32
2 - 36% - 45% - 1:26
PK Defense
1 - 66% - 55% - 2:37
2 - 34% - 45% - 1:21
PK3 Forward
1 - 0% - 60%
2 - 0% - 40%
PK3 Defense
1 - 0% - 55%
2 - 0% - 45%
44 Forward
1 - 0% - 50%
2 - 0% - 50%
44 Defense
1 - 0% - 50%
2 - 0% - 50%
Last Minute Offensive  - 0:32
Last Minute Defensive  - 0:00
Total
Forward - 60:00
Defense - 60:00

Play-by-Play

1st period


0:01 of 1st period - Dylan Larkin wins face-off versus Jordan Eberle in neutral zone.
0:14 of 1st period - Shot by Auston Matthews.
0:14 of 1st period - Stopped by Tristan Jarry with a rebound.
0:42 of 1st period - Icing by Alexander Edler.
0:43 of 1st period - Derek Stepan wins face-off versus Auston Matthews in Canadiens zone.
1:23 of 1st period - Shot by Jakob Silfverberg.
1:23 of 1st period - Stopped by Tristan Jarry without a rebound.
1:24 of 1st period - David Krejci wins face-off versus Zack Smith in Avalanche zone.
1:37 of 1st period - Shot by Mats Zuccarello.
1:37 of 1st period - Goal by Mats Zuccarello - Avalanche : 1 - Canadiens : 0.
1:38 of 1st period - John Tavares wins face-off versus Martin Hanzal in neutral zone.
2:10 of 1st period - Tomas Hertl is hit by Ivan Provorov and loses puck.
2:47 of 1st period - Shot by Mats Zuccarello.
2:47 of 1st period - Stopped by Jonathan Bernier with a rebound.
2:50 of 1st period - Minor Penalty to Tobias Rieder for Hooking.
2:51 of 1st period - Alexander Steen wins face-off versus Auston Matthews in Avalanche zone.
2:57 of 1st period - Icing by Ivan Provorov.
2:58 of 1st period - Alexander Steen wins face-off versus Jordan Eberle in Canadiens zone.
3:01 of 1st period - Shot by Tomas Hertl.
3:01 of 1st period - Shot Misses the Net.
3:13 of 1st period - Shot by Alexander Edler.
3:13 of 1st period - Stopped by Tristan Jarry without a rebound.
3:14 of 1st period - Auston Matthews wins face-off versus Derek Stepan in Avalanche zone.
3:37 of 1st period - Shot by Josh Morrissey.
3:37 of 1st period - Shot Misses the Net.
4:46 of 1st period - Off-side.
4:47 of 1st period - Jordan Eberle wins face-off versus Alexander Steen in neutral zone.
4:52 of 1st period - Shot by Nick Shore.
4:52 of 1st period - Stopped by Tristan Jarry without a rebound.
4:53 of 1st period - Derek Stepan wins face-off versus Nick Shore in Avalanche zone.
4:53 of 1st period - Derek Stepan is hit by Nick Shore.
4:56 of 1st period - Icing by Mitch Marner.
4:57 of 1st period - Auston Matthews wins face-off versus Derek Stepan in Avalanche zone.
5:57 of 1st period - Shot by Justin Abdelkader.
5:57 of 1st period - Stopped by Tristan Jarry without a rebound.
5:58 of 1st period - Dylan Larkin wins face-off versus John Tavares in Avalanche zone.
6:05 of 1st period - John Tavares is hit by Dylan Larkin and loses puck.
6:26 of 1st period - Shot by Tomas Hertl.
6:26 of 1st period - Deflect By Alexander Steen.
6:26 of 1st period - Shot Misses the Net.
6:28 of 1st period - Shot by Sami Vatanen.
6:28 of 1st period - Stopped by Jonathan Bernier without a rebound.
6:29 of 1st period - David Krejci wins face-off versus Nick Shore in Canadiens zone.
6:30 of 1st period - Shot by Mats Zuccarello.
6:30 of 1st period - Deflect By David Krejci.
6:30 of 1st period - Goal by David Krejci - Avalanche : 2 - Canadiens : 0.
6:31 of 1st period - Auston Matthews wins face-off versus David Krejci in neutral zone.
6:36 of 1st period - Icing by Chris Tanev.
6:37 of 1st period - Auston Matthews wins face-off versus David Krejci in Avalanche zone.
6:47 of 1st period - Jordan Eberle is hit by David Krejci and loses puck.
7:17 of 1st period - Shot by Mats Zuccarello.
7:17 of 1st period - Deflect By David Krejci.
7:17 of 1st period - Shot Misses the Net.
7:43 of 1st period - Shot by Justin Abdelkader.
7:43 of 1st period - Shot Misses the Net.
7:47 of 1st period - Shot by Zack Smith.
7:47 of 1st period - Shot Misses the Net.
7:49 of 1st period - Shot by Ivan Provorov.
7:49 of 1st period - Shot Blocked by Jaccob Slavin.
7:55 of 1st period - Shot by Justin Abdelkader.
7:55 of 1st period - Shot Misses the Net.
8:08 of 1st period - Brian Gibbons is hit by Sami Vatanen and loses puck.
8:51 of 1st period - Shot by Marcus Johansson.
8:51 of 1st period - Stopped by Tristan Jarry without a rebound.
8:52 of 1st period - Derek Stepan wins face-off versus Nick Shore in Avalanche zone.
9:05 of 1st period - Icing by Cam Fowler.
9:06 of 1st period - Mats Zuccarello wins face-off versus Nick Shore in Canadiens zone.
9:27 of 1st period - David Krejci is hit by Matt Calvert and loses puck.
9:36 of 1st period - Shot by Mats Zuccarello.
9:36 of 1st period - Deflect By David Krejci.
9:36 of 1st period - Stopped by Jonathan Bernier without a rebound.
9:37 of 1st period - Auston Matthews wins face-off versus Derek Stepan in Canadiens zone.
9:46 of 1st period - Shot by Auston Matthews.
9:46 of 1st period - Shot Misses the Net.
9:48 of 1st period - Shot by Ivan Provorov.
9:48 of 1st period - Shot Blocked by Brandon Carlo.
9:48 of 1st period - Brandon Carlo from Avalanche is injured at 9:48 of 1st period (Sore Right Knee).
9:49 of 1st period - Derek Stepan wins face-off versus John Tavares in Avalanche zone.
10:37 of 1st period - Icing by Ryan Dzingel.
10:38 of 1st period - Auston Matthews wins face-off versus Derek Stepan in Avalanche zone.
11:05 of 1st period - Off-side.
11:06 of 1st period - Dylan Larkin wins face-off versus Zack Smith in neutral zone.
11:37 of 1st period - Shot by Cam Fowler.
11:37 of 1st period - Shot Blocked by Jaccob Slavin.
11:39 of 1st period - Shot by Brian Gibbons.
11:39 of 1st period - Stopped by Tristan Jarry without a rebound.
11:40 of 1st period - Auston Matthews wins face-off versus David Krejci in Avalanche zone.
11:41 of 1st period - Shot by Teuvo Teravainen.
11:41 of 1st period - Stopped by Tristan Jarry with a rebound.
11:53 of 1st period - Shot by Auston Matthews.
11:53 of 1st period - Shot Misses the Net.
12:18 of 1st period - Icing by Sami Vatanen.
12:19 of 1st period - David Krejci wins face-off versus John Tavares in Avalanche zone.
12:26 of 1st period - Alexander Edler is hit by Tobias Rieder.
13:19 of 1st period - Shot by Brian Gibbons.
13:19 of 1st period - Stopped by Tristan Jarry without a rebound.
13:20 of 1st period - Derek Stepan wins face-off versus Auston Matthews in Avalanche zone.
13:37 of 1st period - Derek Stepan is hit by Ron Hainsey and loses puck.
13:49 of 1st period - Minor Penalty to Derek Stepan for Hooking.
13:50 of 1st period - Alexander Steen wins face-off versus Marcus Johansson in Avalanche zone.
14:09 of 1st period - Shot by John Tavares.
14:09 of 1st period - Stopped by Tristan Jarry with a rebound.
14:11 of 1st period - Shot by Josh Morrissey.
14:11 of 1st period - Stopped by Tristan Jarry without a rebound.
14:12 of 1st period - Auston Matthews wins face-off versus Alexander Steen in Avalanche zone.
14:17 of 1st period - Shot by Jordan Eberle.
14:17 of 1st period - Shot Misses the Net.
15:17 of 1st period - Shot by Josh Morrissey.
15:17 of 1st period - Shot Blocked by David Krejci.
15:19 of 1st period - Shot by John Tavares.
15:19 of 1st period - Shot Misses the Net.
15:21 of 1st period - Shot by Marcus Johansson.
15:21 of 1st period - Stopped by Tristan Jarry without a rebound.
15:22 of 1st period - Tomas Hertl wins face-off versus Marcus Johansson in Avalanche zone.
15:32 of 1st period - Off-side.
15:33 of 1st period - Auston Matthews wins face-off versus Alexander Steen in neutral zone.
15:37 of 1st period - Off-side.
15:38 of 1st period - Auston Matthews wins face-off versus Alexander Steen in neutral zone.
15:50 of 1st period - Shot by Ron Hainsey.
15:50 of 1st period - Shot Blocked by Derek Stepan.
15:58 of 1st period - Icing by Brian Gibbons.
15:59 of 1st period - David Krejci wins face-off versus Brian Gibbons in Canadiens zone.
16:18 of 1st period - Shot by David Krejci.
16:18 of 1st period - Stopped by Jonathan Bernier without a rebound.
16:19 of 1st period - Auston Matthews wins face-off versus Derek Stepan in Canadiens zone.
16:43 of 1st period - Off-side.
16:44 of 1st period - Dylan Larkin wins face-off versus John Tavares in neutral zone.
16:58 of 1st period - Shot by Dylan Larkin.
16:58 of 1st period - Shot Misses the Net.
17:50 of 1st period - Sami Vatanen is hit by Jakob Silfverberg and loses puck.
17:59 of 1st period - Shot by Mitch Marner.
17:59 of 1st period - Shot Misses the Net.
19:27 of 1st period - Shot by Artturi Lehkonen.
19:27 of 1st period - Shot Blocked by Chris Tanev.
19:36 of 1st period - Minor Penalty to Artturi Lehkonen for Tripping.
19:37 of 1st period - Dylan Larkin wins face-off versus Nick Shore in Canadiens zone.
19:52 of 1st period - Shot by Sami Vatanen.
19:52 of 1st period - Stopped by Jonathan Bernier without a rebound.
19:53 of 1st period - Dylan Larkin wins face-off versus Nick Shore in Canadiens zone.
19:56 of 1st period - Shot by Mitch Marner.
19:56 of 1st period - Shot Misses the Net.
19:58 of 1st period - Shot by Ryan Dzingel.
19:58 of 1st period - Stopped by Jonathan Bernier without a rebound.
19:59 of 1st period - Nick Shore wins face-off versus Dylan Larkin in Canadiens zone.
Goals for this period are 2 for Avalanche vs 0 for Canadiens.
Shots for this period are 8 for Avalanche vs 12 for Canadiens.

2nd period


0:01 of 2nd period - David Krejci wins face-off versus Nick Shore in neutral zone.
0:08 of 2nd period - Shot by Sami Vatanen.
0:08 of 2nd period - Shot Blocked by Cam Fowler.
0:31 of 2nd period - Icing by Tomas Hertl.
0:32 of 2nd period - David Krejci wins face-off versus Zack Smith in Avalanche zone.
0:40 of 2nd period - Shot by Alexander Steen.
0:40 of 2nd period - Deflect By David Krejci.
0:40 of 2nd period - Stopped by Jonathan Bernier without a rebound.
0:41 of 2nd period - Dylan Larkin wins face-off versus Nick Shore in Canadiens zone.
1:03 of 2nd period - Icing by Ryan Dzingel.
1:04 of 2nd period - Zack Smith wins face-off versus Dylan Larkin in Avalanche zone.
1:17 of 2nd period - Shot by Ryan Dzingel.
1:17 of 2nd period - Stopped by Jonathan Bernier without a rebound.
1:18 of 2nd period - Nick Shore wins face-off versus David Krejci in Canadiens zone.
1:26 of 2nd period - Icing by Tomas Hertl.
1:27 of 2nd period - Nick Shore wins face-off versus Alexander Steen in Avalanche zone.
1:50 of 2nd period - Shot by Mitch Marner.
1:50 of 2nd period - Stopped by Jonathan Bernier without a rebound.
1:51 of 2nd period - John Tavares wins face-off versus Dylan Larkin in Canadiens zone.
1:51 of 2nd period - Jakob Silfverberg is hit by Tomas Hertl and loses puck.
2:13 of 2nd period - Icing by Dylan Larkin.
2:14 of 2nd period - Auston Matthews wins face-off versus Dylan Larkin in Avalanche zone.
2:18 of 2nd period - Icing by Jaccob Slavin.
2:19 of 2nd period - Auston Matthews wins face-off versus Dylan Larkin in Avalanche zone.
2:49 of 2nd period - Shot by Tomas Hertl.
2:49 of 2nd period - Shot Blocked by Ron Hainsey.
2:51 of 2nd period - Shot by Sami Vatanen.
2:51 of 2nd period - Stopped by Jonathan Bernier without a rebound.
2:52 of 2nd period - Mitch Marner wins face-off versus Zack Smith in Canadiens zone.
3:15 of 2nd period - Shot by Mitch Marner.
3:15 of 2nd period - Shot Hit the Post.
3:50 of 2nd period - John Tavares is hit by Sami Vatanen and loses puck.
3:59 of 2nd period - Shot by Mats Zuccarello.
3:59 of 2nd period - Stopped by Jonathan Bernier with a rebound.
4:01 of 2nd period - Shot by Sami Vatanen.
4:01 of 2nd period - Shot Misses the Net.
4:03 of 2nd period - Shot by Tobias Rieder.
4:03 of 2nd period - Goal by Tobias Rieder - Avalanche : 3 - Canadiens : 0.
4:03 of 2nd period - Tuukka Rask enters game.
4:04 of 2nd period - Dylan Larkin wins face-off versus Auston Matthews in neutral zone.
4:26 of 2nd period - Shot by Auston Matthews.
4:26 of 2nd period - Stopped by Tristan Jarry without a rebound.
4:27 of 2nd period - Nick Shore wins face-off versus David Krejci in Avalanche zone.
4:32 of 2nd period - Shot by Artturi Lehkonen.
4:32 of 2nd period - Shot Misses the Net.
4:51 of 2nd period - Matt Calvert is hit by Mats Zuccarello.
5:25 of 2nd period - Shot by Dylan Larkin.
5:25 of 2nd period - Stopped by Tuukka Rask without a rebound.
5:26 of 2nd period - Derek Stepan wins face-off versus Justin Abdelkader in Canadiens zone.
5:30 of 2nd period - Icing by Ivan Provorov.
5:31 of 2nd period - Zack Smith wins face-off versus Dylan Larkin in Canadiens zone.
5:31 of 2nd period - Ivan Provorov is hit by Tomas Hertl and loses puck.
5:48 of 2nd period - Shot by Brian Gibbons.
5:48 of 2nd period - Stopped by Tristan Jarry without a rebound.
5:49 of 2nd period - Auston Matthews wins face-off versus Ryan Dzingel in Avalanche zone.
6:15 of 2nd period - Minor Penalty to Alexander Edler for Slashing.
6:16 of 2nd period - Nick Shore wins face-off versus David Krejci in Canadiens zone.
6:43 of 2nd period - Shot by Alexander Steen.
6:43 of 2nd period - Stopped by Tuukka Rask with a rebound.
6:45 of 2nd period - Shot by Sami Vatanen.
6:45 of 2nd period - Shot Blocked by Nick Shore.
6:47 of 2nd period - Shot by Jaccob Slavin.
6:47 of 2nd period - Shot Blocked by Nick Shore.
6:53 of 2nd period - Shot by Tomas Hertl.
6:53 of 2nd period - Stopped by Tuukka Rask without a rebound.
6:54 of 2nd period - Dylan Larkin wins face-off versus Matt Calvert in Canadiens zone.
6:57 of 2nd period - Shot by Ryan Dzingel.
6:57 of 2nd period - Stopped by Tuukka Rask without a rebound.
6:58 of 2nd period - Dylan Larkin wins face-off versus Zack Smith in Canadiens zone.
7:23 of 2nd period - Icing by Troy Stecher.
7:24 of 2nd period - Dylan Larkin wins face-off versus Zack Smith in Avalanche zone.
7:24 of 2nd period - Dylan Larkin is hit by Matt Calvert.
7:39 of 2nd period - Brian Gibbons is hit by Dylan Larkin and loses puck.
8:22 of 2nd period - Shot by Martin Hanzal.
8:22 of 2nd period - Shot Hit the Post.
9:24 of 2nd period - Shot by Mats Zuccarello.
9:24 of 2nd period - Stopped by Tuukka Rask without a rebound.
9:25 of 2nd period - David Krejci wins face-off versus Zack Smith in Canadiens zone.
9:28 of 2nd period - Shot by Mats Zuccarello.
9:28 of 2nd period - Stopped by Tuukka Rask without a rebound.
9:29 of 2nd period - Zack Smith wins face-off versus David Krejci in Canadiens zone.
9:42 of 2nd period - Shot by Justin Abdelkader.
9:42 of 2nd period - Stopped by Tristan Jarry without a rebound.
9:43 of 2nd period - Derek Stepan wins face-off versus Auston Matthews in Avalanche zone.
9:50 of 2nd period - Shot by Auston Matthews.
9:50 of 2nd period - Stopped by Tristan Jarry with a rebound.
10:00 of 2nd period - Shot by Derek Stepan.
10:00 of 2nd period - Goal by Derek Stepan - Avalanche : 4 - Canadiens : 0.
10:01 of 2nd period - John Tavares wins face-off versus David Krejci in neutral zone.
10:14 of 2nd period - Shot by Mats Zuccarello.
10:14 of 2nd period - Stopped by Tuukka Rask without a rebound.
10:15 of 2nd period - Auston Matthews wins face-off versus Tomas Hertl in Canadiens zone.
10:19 of 2nd period - Minor Penalty to Dylan Larkin for Hooking.
10:20 of 2nd period - Auston Matthews wins face-off versus Alexander Steen in Avalanche zone.
10:29 of 2nd period - Shot by Ron Hainsey.
10:29 of 2nd period - Stopped by Tristan Jarry with a rebound.
12:04 of 2nd period - Alexander Edler is hit by Derrick Pouliot.
12:22 of 2nd period - Off-side.
12:23 of 2nd period - Brian Gibbons wins face-off versus David Krejci in neutral zone.
12:41 of 2nd period - Icing by Andrew MacDonald.
12:42 of 2nd period - Nick Shore wins face-off versus David Krejci in Avalanche zone.
12:59 of 2nd period - Shot by David Krejci.
12:59 of 2nd period - Stopped by Tuukka Rask without a rebound.
13:00 of 2nd period - Derek Stepan wins face-off versus Teuvo Teravainen in Canadiens zone.
13:05 of 2nd period - Shot by Mitch Marner.
13:05 of 2nd period - Shot Misses the Net.
13:21 of 2nd period - Mitch Marner is hit by Teuvo Teravainen and loses puck.
13:26 of 2nd period - Shot by Auston Matthews.
13:26 of 2nd period - Shot Misses the Net.
13:28 of 2nd period - Shot by Teuvo Teravainen.
13:28 of 2nd period - Shot Blocked by Chris Tanev.
13:30 of 2nd period - Shot by Ivan Provorov.
13:30 of 2nd period - Shot Misses the Net.
14:08 of 2nd period - Shot by John Tavares.
14:08 of 2nd period - Shot Misses the Net.
14:50 of 2nd period - Shot by Justin Abdelkader.
14:50 of 2nd period - Stopped by Tristan Jarry with a rebound.
14:52 of 2nd period - Shot by Brian Gibbons.
14:52 of 2nd period - Deflect By Zack Smith.
14:52 of 2nd period - Goal by Zack Smith - Avalanche : 4 - Canadiens : 1.
14:53 of 2nd period - Nick Shore wins face-off versus Dylan Larkin in neutral zone.
14:56 of 2nd period - Shot by Matt Calvert.
14:56 of 2nd period - Shot Misses the Net.
15:10 of 2nd period - Shot by Dylan Larkin.
15:10 of 2nd period - Shot Misses the Net.
15:12 of 2nd period - Shot by Alexander Steen.
15:12 of 2nd period - Stopped by Tuukka Rask without a rebound.
15:13 of 2nd period - David Krejci wins face-off versus Auston Matthews in Canadiens zone.
15:18 of 2nd period - Shot by Mats Zuccarello.
15:18 of 2nd period - Shot Misses the Net.
15:26 of 2nd period - Auston Matthews is hit by Sami Vatanen and loses puck.
15:29 of 2nd period - Shot by Auston Matthews.
15:29 of 2nd period - Shot Misses the Net.
15:43 of 2nd period - Shot by Jordan Eberle.
15:43 of 2nd period - Stopped by Tristan Jarry without a rebound.
15:44 of 2nd period - Dylan Larkin wins face-off versus John Tavares in Avalanche zone.
15:58 of 2nd period - Shot by Jakob Silfverberg.
15:58 of 2nd period - Stopped by Tristan Jarry with a rebound.
16:00 of 2nd period - Shot by John Tavares.
16:00 of 2nd period - Shot Misses the Net.
16:02 of 2nd period - Shot by Jakob Silfverberg.
16:02 of 2nd period - Goal by Jakob Silfverberg - Avalanche : 4 - Canadiens : 2.
16:03 of 2nd period - Martin Hanzal wins face-off versus Zack Smith in neutral zone.
16:21 of 2nd period - Off-side.
16:22 of 2nd period - Auston Matthews wins face-off versus David Krejci in neutral zone.
16:29 of 2nd period - Shot by Jordan Eberle.
16:29 of 2nd period - Stopped by Tristan Jarry without a rebound.
16:30 of 2nd period - David Krejci wins face-off versus Auston Matthews in Avalanche zone.
16:37 of 2nd period - Shot by David Krejci.
16:37 of 2nd period - Deflect By Tobias Rieder.
16:37 of 2nd period - Shot Misses the Net.
17:07 of 2nd period - Shot by Alexander Edler.
17:07 of 2nd period - Shot Blocked by Sami Vatanen.
18:07 of 2nd period - Off-side.
18:08 of 2nd period - Zack Smith wins face-off versus Alexander Steen in neutral zone.
18:31 of 2nd period - Shot by Alexander Steen.
18:31 of 2nd period - Stopped by Tuukka Rask without a rebound.
18:32 of 2nd period - Derek Stepan wins face-off versus Auston Matthews in Canadiens zone.
18:36 of 2nd period - Derek Stepan is hit by Alexander Edler.
18:48 of 2nd period - Shot by Teuvo Teravainen.
18:48 of 2nd period - Stopped by Tristan Jarry without a rebound.
18:49 of 2nd period - Nick Shore wins face-off versus Dylan Larkin in Avalanche zone.
19:12 of 2nd period - Shot by Matt Calvert.
19:12 of 2nd period - Shot Blocked by Chris Tanev.
19:44 of 2nd period - Shot by Jordan Eberle.
19:44 of 2nd period - Deflect By Auston Matthews.
19:44 of 2nd period - Stopped by Tristan Jarry without a rebound.
19:45 of 2nd period - John Tavares wins face-off versus Derek Stepan in Avalanche zone.
19:48 of 2nd period - Shot by John Tavares.
19:48 of 2nd period - Shot Misses the Net.
19:50 of 2nd period - Shot by Jakob Silfverberg.
19:50 of 2nd period - Stopped by Tristan Jarry without a rebound.
19:51 of 2nd period - Teuvo Teravainen wins face-off versus Derek Stepan in Avalanche zone.
19:58 of 2nd period - Shot by Teuvo Teravainen.
19:58 of 2nd period - Shot Misses the Net.
Goals for this period are 2 for Avalanche vs 2 for Canadiens.
Shots for this period are 17 for Avalanche vs 14 for Canadiens.

3rd period


0:01 of 3rd period - Dylan Larkin wins face-off versus Auston Matthews in neutral zone.
0:01 of 3rd period - Alexander Steen is hit by Auston Matthews and loses puck.
0:11 of 3rd period - Tomas Hertl is hit by Jordan Eberle and loses puck.
0:24 of 3rd period - Cam Fowler is hit by Dylan Larkin and loses puck.
0:33 of 3rd period - Shot by Alexander Steen.
0:33 of 3rd period - Stopped by Tuukka Rask without a rebound.
0:34 of 3rd period - Derek Stepan wins face-off versus John Tavares in Canadiens zone.
1:07 of 3rd period - Icing by Ivan Provorov.
1:08 of 3rd period - Dylan Larkin wins face-off versus Jakob Silfverberg in Canadiens zone.
1:23 of 3rd period - Shot by Dylan Larkin.
1:23 of 3rd period - Shot Misses the Net.
1:33 of 3rd period - Shot by Dylan Larkin.
1:33 of 3rd period - Deflect By Alexander Steen.
1:33 of 3rd period - Stopped by Tuukka Rask without a rebound.
1:34 of 3rd period - David Krejci wins face-off versus Auston Matthews in Canadiens zone.
1:35 of 3rd period - Shot by Tobias Rieder.
1:35 of 3rd period - Stopped by Tuukka Rask without a rebound.
1:36 of 3rd period - Auston Matthews wins face-off versus Derek Stepan in Canadiens zone.
1:48 of 3rd period - Alexander Edler is hit by Ryan Dzingel and loses puck.
2:50 of 3rd period - Shot by Justin Abdelkader.
2:50 of 3rd period - Stopped by Tristan Jarry without a rebound.
2:51 of 3rd period - David Krejci wins face-off versus John Tavares in Avalanche zone.
3:54 of 3rd period - Icing by Ron Hainsey.
3:55 of 3rd period - John Tavares wins face-off versus Derek Stepan in Canadiens zone.
3:55 of 3rd period - John Tavares is hit by Ryan Dzingel.
4:28 of 3rd period - Shot by Alexander Edler.
4:28 of 3rd period - Shot Blocked by Derrick Pouliot.
4:36 of 3rd period - Shot by Teuvo Teravainen.
4:36 of 3rd period - Shot Misses the Net.
4:54 of 3rd period - Icing by Derrick Pouliot.
4:55 of 3rd period - Zack Smith wins face-off versus Derek Stepan in Avalanche zone.
5:00 of 3rd period - Shot by Justin Abdelkader.
5:00 of 3rd period - Stopped by Tristan Jarry without a rebound.
5:01 of 3rd period - Zack Smith wins face-off versus Dylan Larkin in Avalanche zone.
5:22 of 3rd period - Shot by Dylan Larkin.
5:22 of 3rd period - Shot Misses the Net.
5:39 of 3rd period - Icing by Sami Vatanen.
5:40 of 3rd period - Auston Matthews wins face-off versus Dylan Larkin in Avalanche zone.
5:49 of 3rd period - Shot by Jordan Eberle.
5:49 of 3rd period - Stopped by Tristan Jarry without a rebound.
5:50 of 3rd period - John Tavares wins face-off versus David Krejci in Avalanche zone.
6:00 of 3rd period - Icing by Tobias Rieder.
6:01 of 3rd period - Auston Matthews wins face-off versus David Krejci in Avalanche zone.
6:37 of 3rd period - Shot by David Krejci.
6:37 of 3rd period - Shot Blocked by Alexander Edler.
6:46 of 3rd period - Icing by Cam Fowler.
6:47 of 3rd period - Auston Matthews wins face-off versus Dylan Larkin in Canadiens zone.
7:03 of 3rd period - Icing by Jaccob Slavin.
7:04 of 3rd period - Dylan Larkin wins face-off versus John Tavares in Avalanche zone.
7:08 of 3rd period - Off-side.
7:09 of 3rd period - John Tavares wins face-off versus Derek Stepan in neutral zone.
7:19 of 3rd period - Shot by Jakob Silfverberg.
7:19 of 3rd period - Shot Blocked by Chris Tanev.
7:21 of 3rd period - Shot by Jakob Silfverberg.
7:21 of 3rd period - Goal by Jakob Silfverberg - Avalanche : 4 - Canadiens : 3.
7:22 of 3rd period - Dylan Larkin wins face-off versus Zack Smith in neutral zone.
7:30 of 3rd period - Icing by Michael Stone.
7:31 of 3rd period - Justin Abdelkader wins face-off versus Dylan Larkin in Canadiens zone.
7:31 of 3rd period - Justin Abdelkader is hit by Dylan Larkin.
8:28 of 3rd period - Shot by Teuvo Teravainen.
8:28 of 3rd period - Stopped by Tristan Jarry without a rebound.
8:29 of 3rd period - Derek Stepan wins face-off versus John Tavares in Avalanche zone.
9:01 of 3rd period - Shot by Ryan Dzingel.
9:01 of 3rd period - Shot Misses the Net.
9:03 of 3rd period - Shot by Troy Stecher.
9:03 of 3rd period - Stopped by Tuukka Rask without a rebound.
9:04 of 3rd period - David Krejci wins face-off versus Teuvo Teravainen in Canadiens zone.
9:07 of 3rd period - Shot by Mats Zuccarello.
9:07 of 3rd period - Deflect By Tobias Rieder.
9:07 of 3rd period - Shot Blocked by Ron Hainsey.
9:25 of 3rd period - Shot by Tobias Rieder.
9:25 of 3rd period - Shot Blocked by Ron Hainsey.
9:27 of 3rd period - Shot by Tobias Rieder.
9:27 of 3rd period - Shot Misses the Net.
9:36 of 3rd period - Tobias Rieder is hit by Ivan Provorov and loses puck.
11:00 of 3rd period - Shot by Derek Stepan.
11:00 of 3rd period - Stopped by Tuukka Rask without a rebound.
11:01 of 3rd period - Marcus Johansson wins face-off versus David Krejci in Canadiens zone.
11:21 of 3rd period - Shot by John Tavares.
11:21 of 3rd period - Stopped by Tristan Jarry without a rebound.
11:22 of 3rd period - Auston Matthews wins face-off versus Ryan Dzingel in Avalanche zone.
12:52 of 3rd period - Shot by Marcus Johansson.
12:52 of 3rd period - Shot Misses the Net.
13:41 of 3rd period - Icing by Jaccob Slavin.
13:42 of 3rd period - Zack Smith wins face-off versus Dylan Larkin in Avalanche zone.
13:49 of 3rd period - Shot by Justin Abdelkader.
13:49 of 3rd period - Deflect By Brian Gibbons.
13:49 of 3rd period - Shot Misses the Net.
14:08 of 3rd period - Icing by Sami Vatanen.
14:09 of 3rd period - Dylan Larkin wins face-off versus Auston Matthews in Avalanche zone.
14:40 of 3rd period - Shot by Auston Matthews.
14:40 of 3rd period - Shot Blocked by Derrick Pouliot.
14:42 of 3rd period - Shot by Josh Morrissey.
14:42 of 3rd period - Shot Misses the Net.
14:58 of 3rd period - Shot by John Tavares.
14:58 of 3rd period - Shot Misses the Net.
15:27 of 3rd period - Off-side.
15:28 of 3rd period - Martin Hanzal wins face-off versus Zack Smith in neutral zone.
15:33 of 3rd period - Chris Tanev is hit by Justin Abdelkader and loses puck.
15:54 of 3rd period - Shot by Justin Abdelkader.
15:54 of 3rd period - Stopped by Tristan Jarry without a rebound.
15:55 of 3rd period - David Krejci wins face-off versus Nick Shore in Avalanche zone.
16:40 of 3rd period - Icing by Ivan Provorov.
16:41 of 3rd period - Alexander Steen wins face-off versus Nick Shore in Canadiens zone.
17:26 of 3rd period - Off-side.
17:27 of 3rd period - John Tavares wins face-off versus Derek Stepan in neutral zone.
17:40 of 3rd period - Shot by Mitch Marner.
17:40 of 3rd period - Stopped by Tuukka Rask without a rebound.
17:41 of 3rd period - David Krejci wins face-off versus Auston Matthews in Canadiens zone.
17:47 of 3rd period - Shot by Mats Zuccarello.
17:47 of 3rd period - Stopped by Tuukka Rask with a rebound.
17:59 of 3rd period - Shot by Tobias Rieder.
17:59 of 3rd period - Shot Misses the Net.
18:27 of 3rd period - Alexander Edler is hit by Derek Stepan and loses puck.
18:43 of 3rd period - Shot by Derek Stepan.
18:43 of 3rd period - Shot Misses the Net.
18:45 of 3rd period - Shot by Chris Tanev.
18:45 of 3rd period - Stopped by Tuukka Rask without a rebound.
18:46 of 3rd period - John Tavares wins face-off versus Dylan Larkin in Canadiens zone.
18:46 of 3rd period - John Tavares is hit by Dylan Larkin.
18:54 of 3rd period - Canadiens, Tuukka Rask is pulled from the net.
19:14 of 3rd period - Chris Tanev is hit by Marcus Johansson and loses puck.
19:25 of 3rd period - Shot by Jakob Silfverberg.
19:25 of 3rd period - Shot Blocked by Alexander Steen.
19:27 of 3rd period - Shot by Jakob Silfverberg.
19:27 of 3rd period - Deflect By John Tavares.
19:27 of 3rd period - Stopped by Tristan Jarry without a rebound.
19:28 of 3rd period - John Tavares wins face-off versus Martin Hanzal in Avalanche zone.
19:59 of 3rd period - Shot by Tomas Hertl.
19:59 of 3rd period - Shot Misses the Net.
Goals for this period are 0 for Avalanche vs 1 for Canadiens.
Shots for this period are 8 for Avalanche vs 8 for Canadiens.